 Dungeon Sprint DCSS version 0.26-a0-660-gc07710193c (webtiles) character file.

Game seed: 8183343967330953056

13944 sahdkjhfkaj the Grappler (level 12, -2/100 HPs)
             Began as a Gnoll Transmuter on Oct 6, 2020.
             Was an Initiate of Gozag.
             Slain by a stone giant (13 damage)
             ... in the Dungeon (Sprint IX: "|||||||||||||||||||||||||||||").
             The game lasted 00:07:10 (7115 turns).

sahdkjhfkaj the Grappler (Gnoll Transmuter)         Turns: 7115, Time: 00:07:10

Health: -2/100     AC:  5    Str: 18    XL:     12   Next: 11%
Magic:  3/28       EV: 21    Int: 15    God:    Gozag
Gold:   7745       SH:  0    Dex: 16    Spells: 19/35 levels left

rFire    + . .     SeeInvis .     - Unarmed
rCold    + . .     Faith    .   (shield currently unavailable)
rNeg     . . .     Spirit   .   l - +0 robe {rC+}
rPois    +         Reflect  .   (no helmet)
rElec    .         Harm     .   z - +1 cloak
rCorr    .         Rampage  .   (gloves currently unavailable)
MR       .....     NoTele   +   (no boots)
Stlth    +++++.....             (no amulet)
HPRegen  0.26/turn              w - ring of poison resistance
MPRegen  0.21/turn              x - ring of protection from fire

@: blade hands (expiring), wereblooded, gold aura
A: distributed training, fangs 1, strong nose
a: End Transformation, Potion Petition, Call Merchant, Bribe Branch, Renounce
Religion


You were in the Dungeon.
You worshipped Gozag.
Gozag was greatly pleased with you.
You had blades for hands.
You visited 1 branch You collected 7745 gold pieces.

Inventory:

Armour
 a - a +1 pair of gloves (melded)
 l - a +0 robe of cold resistance (worn)
 z - a +1 cloak (worn)
Jewellery
 m - a +2 ring of evasion
 n - a +2 ring of protection
 w - a ring of poison resistance (left scythe-like blade)
 x - a ring of protection from fire (right scythe-like blade)
 y - an uncursed ring of resist corrosion
Wands
 k - a wand of acid (7)
 o - a wand of flame (21)
Scrolls
 h - 6 scrolls of blinking
 i - 5 scrolls of remove curse
 j - a scroll of amnesia
 s - a scroll of fog
 t - 2 scrolls of enchant armour
 u - 2 scrolls of enchant weapon
 A - a scroll of identify
Potions
 b - a potion of invisibility
 c - 6 potions of curing
 d - 4 potions of heal wounds
 e - a potion of haste
 f - 4 potions of magic
 g - a potion of berserk rage
 p - a potion of resistance
 q - 4 potions of mutation
 r - a potion of stabbing
 v - a potion of cancellation {unknown}


   Skills:
 + Level 11.4 Fighting
 + Level 11.1 Short Blades
 + Level 11.1 Long Blades
 + Level 11.1 Axes
 + Level 11.1 Maces & Flails
 + Level 11.1 Polearms
 + Level 11.1 Staves
 + Level 11.1 Slings
 + Level 11.1 Bows
 + Level 11.1 Crossbows
 + Level 11.1 Throwing
 + Level 11.1 Armour
 + Level 11.9 Dodging
 + Level 11.1 Stealth
 + Level 11.1 Shields
 + Level 12.6 Unarmed Combat
 + Level 12.1 Spellcasting
 + Level 9.5 Conjurations
 + Level 9.5 Hexes
 + Level 9.5 Summonings
 + Level 9.5 Necromancy
 + Level 9.5 Translocations
 + Level 10.2 Transmutations
 + Level 9.5 Fire Magic
 + Level 9.5 Ice Magic
 + Level 9.5 Air Magic
 + Level 9.5 Earth Magic
 + Level 9.5 Poison Magic
 + Level 12.0 Invocations
 + Level 11.1 Evocations


You had 19 spell levels left.
You knew the following spells:

 Your Spells              Type           Power        Failure   Level
a - Lightning Bolt        Conj/Air       #####.....   30%         5
A - Blade Hands           Tmut           #####.....   26%         5
F - Ice Form              Ice/Tmut       #####...     17%         4
W - Wereblood             Tmut           #####...     9%          2

Your spell library contained the following spells:

 Spells                   Type           Power        Failure   Level
 Apportation              Tloc           #####.       8%          1
 Beastly Appendage        Tmut           #####.       8%          1
 Poisonous Vapours        Pois/Air       #####.       10%         2
 Spider Form              Tmut/Pois      #####.....   11%         3
 Gell's Gravitas          Tloc           #####.....   12%         3
 Tornado                  Air            #####.....   100%        9


Dungeon Overview and Level Annotations

Branches:
Dungeon (1/1)

Altars:
Cheibriados
Dithmenos
Elyvilon
Fedhas
Gozag
Hepliaklqana
Kikubaaqudgha
Makhleb
Nemelex Xobeh
Okawaru
Qazlal
Ru
Sif Muna
Trog
Uskayaw
Vehumet
Wu Jian
Xom
Yredelemnul
Zin
The Shining One
Beogh
Jiyva
Lugonu

Shops:
D [=[?


Innate Abilities, Weirdness & Mutations

Your experience applies equally to all skills.
You have very sharp teeth.
Your uncanny sense of smell can sniff out nearby items.


Message History

The manticore barely misses you.
A centaur warrior comes into view.
Unknown command.
Unknown command.
Unknown command.
You feel much better.
You howl as the wereblood boils in your veins!
The yaktaur becomes distracted by the nearby gold, dreaming of imaginary riches. x2
The manticore completely misses you. x2
The manticore claws you but does no damage.
Unknown command.
The yaktaur shouts!
You shred the manticore!!!
You kill the manticore!
The stone giant throws a large rock.
The large rock hits you!!
* * * LOW HITPOINT WARNING * * *
Unknown command.
The stone giant hits you!
You die...
Your body crumbles into a pile of gold.

▓.▓.▓.▓.▓.▓.▓
▓.▓.▓.▓.▓'▓.▓)▓
▓Z▓.▓.▓.▓.▓.▓.▓
▓c▓.▓∩▓.▓)▓.▓)▓
▓C▓.▓.▓.▓.▓.▓'▓
▓c▓.▓∩▓.▓[▓.▓.▓
▓c▓.▓.▓(▓.▓)▓.▓
▓C▓.▓∩▓)▓.▓.▓[▓
▓@▓.▓.▓(▓.▓.▓(▓
▓$▓.▓∩▓.▓.▓.▓.▓
▓$▓.▓.▓.▓.▓.▓.▓
▓.▓.▓)▓.▓.▓.▓)▓
▓$▓.▓)▓.▓)▓.▓.▓
▓'▓.▓)▓.▓.▓.▓.▓
▓.▓.▓)▓.▓'▓)▓'▓
▓.▓.▓'▓.▓.▓.▓_▓
▓.▓.▓)▓.▓.▓.▓_▓


You could see a stone giant, an ettin, a centaur warrior, 2 yaktaurs and a bat
zombie.

Vanquished Creatures
  A boulder beetle (D)
  Sonja (D)
  An unseen horror (D)
  7 orc knights (D)
  A lindwurm (D)
  An orc sorcerer (D)
  An ugly thing (D)
  2 manticores (D)
  Joseph (D)
  3 cane toads (D)
  3 komodo dragons (D)
  3 rime drakes (D)
  A troll (D)
  2 tyrant leeches (D)
  A shadow (D)
  A wyvern (D)
  Eustachio (D)
  A vampire mosquito (D)
  4 water moccasins (D)
  19 orc warriors (D)
  2 sky beasts (D)
  2 ice beasts (D)
  A wolf (D)
  A centaur (D)
  5 bullfrogs (D)
  A scorpion (D)
  5 orc priests (D)
  3 orc wizards (D)
  An adder (D)
  6 worms (D)
  2 leopard geckos (D)
  5 orcs (D)
  A bat zombie (D)
  A giant cockroach (D)
  2 goblins (D)
  A kobold (D)
  A bat (D)
  A giant cockroach zombie (D)
96 creatures vanquished.

Notes
Turn   | Place    | Note
-------+----------+-------------------------------------------
     0 | D        | sahdkjhfkaj the Gnoll Transmuter began the quest for the
                  | Orb.
     0 | D        | Reached XP level 1. HP: 17/17 MP: 6/6
     8 | D        | Reached skill level 5 in Spellcasting
     8 | D        | Reached skill level 1 in Invocations
    10 | D        | Banished a spatial maelstrom
    14 | D        | Reached skill level 1 in Short Blades
    14 | D        | Reached skill level 1 in Long Blades
    14 | D        | Reached skill level 1 in Axes
    14 | D        | Reached skill level 1 in Maces & Flails
    14 | D        | Reached skill level 1 in Polearms
    14 | D        | Reached skill level 1 in Staves
    14 | D        | Reached skill level 1 in Slings
    14 | D        | Reached skill level 1 in Bows
    14 | D        | Reached skill level 1 in Crossbows
    14 | D        | Reached skill level 1 in Throwing
    14 | D        | Reached skill level 1 in Armour
    14 | D        | Reached skill level 1 in Stealth
    14 | D        | Reached skill level 1 in Shields
    14 | D        | Reached skill level 1 in Evocations
    47 | D        | Noticed an ice beast
    47 | D        | Noticed a scorpion
    52 | D        | Reached skill level 1 in Conjurations
    52 | D        | Reached skill level 1 in Hexes
    52 | D        | Reached skill level 1 in Summonings
    52 | D        | Reached skill level 1 in Necromancy
    52 | D        | Reached skill level 1 in Translocations
    52 | D        | Reached skill level 1 in Fire Magic
    52 | D        | Reached skill level 1 in Ice Magic
    52 | D        | Reached skill level 1 in Air Magic
    52 | D        | Reached skill level 1 in Earth Magic
    52 | D        | Reached skill level 1 in Poison Magic
    52 | D        | Reached XP level 2. HP: 22/23 MP: 6/8
    64 | D        | Killed a scorpion
    64 | D        | Reached skill level 5 in Dodging
    64 | D        | Reached XP level 3. HP: 9/29 MP: 8/10
    64 | D        | Reached XP level 4. HP: 12/36 MP: 8/11
    70 | D        | Killed an ice beast
    70 | D        | Reached XP level 5. HP: 22/43 MP: 9/13
   246 | D        | Learned a level 5 spell: Blade Hands
   249 | D        | Learned a level 2 spell: Wereblood
   251 | D        | Found a roughly hewn altar of Beogh.
   251 | D        | Found a snail-covered altar of Cheibriados.
   251 | D        | Found a shadowy altar of Dithmenos.
   251 | D        | Found a white marble altar of Elyvilon.
   251 | D        | Found a blossoming altar of Fedhas.
   251 | D        | Found an opulent altar of Gozag.
   252 | D        | Found a hazy altar of Hepliaklqana.
   253 | D        | Found a viscous altar of Jiyva.
   254 | D        | Found an ancient bone altar of Kikubaaqudgha.
   255 | D        | Found a corrupted altar of Lugonu.
   256 | D        | Found a burning altar of Makhleb.
   257 | D        | Found a sparkling altar of Nemelex Xobeh.
   258 | D        | Found an iron altar of Okawaru.
   259 | D        | Became a worshipper of Gozag Ym Sagoz the Greedy
   260 | D        | Found a stormy altar of Qazlal.
   261 | D        | Found a sacrificial altar of Ru.
   262 | D        | Found a shimmering blue altar of Sif Muna.
   263 | D        | Found a bloodstained altar of Trog.
   264 | D        | Found a hide-covered altar of Uskayaw.
   265 | D        | Found a radiant altar of Vehumet.
   266 | D        | Found an ornate altar of the Wu Jian Council.
   267 | D        | Found a shimmering altar of Xom.
   268 | D        | Found a basalt altar of Yredelemnul.
   269 | D        | Found a glowing silver altar of Zin.
   270 | D        | Found a glowing golden altar of the Shining One.
   303 | D        | Noticed a centaur
   303 | D        | Noticed a sky beast
   303 | D        | Noticed an ice beast
   304 | D        | Killed an ice beast
   304 | D        | Reached skill level 5 in Fighting
   304 | D        | Reached skill level 5 in Transmutations
   304 | D        | Reached XP level 6. HP: 51/51 MP: 6/15
   311 | D        | Killed a sky beast
   311 | D        | Reached skill level 5 in Invocations
   315 | D        | Reached skill level 5 in Short Blades
   315 | D        | Reached skill level 5 in Long Blades
   315 | D        | Reached skill level 5 in Axes
   315 | D        | Reached skill level 5 in Maces & Flails
   315 | D        | Reached skill level 5 in Polearms
   315 | D        | Reached skill level 5 in Staves
   315 | D        | Reached skill level 5 in Slings
   315 | D        | Reached skill level 5 in Bows
   315 | D        | Reached skill level 5 in Crossbows
   315 | D        | Reached skill level 5 in Throwing
   315 | D        | Reached skill level 5 in Armour
   315 | D        | Reached skill level 5 in Stealth
   315 | D        | Reached skill level 5 in Shields
   315 | D        | Reached skill level 5 in Evocations
   315 | D        | Reached XP level 7. HP: 56/57 MP: 7/17
   408 | D        | Noticed a troll
   408 | D        | Noticed a shadow
   408 | D        | Noticed a vampire mosquito
   412 | D        | Killed a vampire mosquito
   414 | D        | Killed a shadow
   417 | D        | Killed a troll
   417 | D        | Reached skill level 5 in Conjurations
   417 | D        | Reached skill level 5 in Hexes
   417 | D        | Reached skill level 5 in Summonings
   417 | D        | Reached skill level 5 in Necromancy
   417 | D        | Reached skill level 5 in Translocations
   417 | D        | Reached skill level 5 in Fire Magic
   417 | D        | Reached skill level 5 in Ice Magic
   417 | D        | Reached skill level 5 in Air Magic
   417 | D        | Reached skill level 5 in Earth Magic
   417 | D        | Reached skill level 5 in Poison Magic
   417 | D        | Reached XP level 8. HP: 30/65 MP: 12/20
   738 | D        | Noticed Joseph
   751 | D        | Killed Joseph
   850 | D        | Learned a level 4 spell: Ice Form
   912 | D        | Got the Handbook of the Twenty Beds
   924 | D        | Learned a level 5 spell: Lightning Bolt
   933 | D        | Noticed a cane toad
   933 | D        | Noticed a rime drake
   933 | D        | Noticed a komodo dragon
   933 | D        | Noticed a komodo dragon
   942 | D        | Killed a komodo dragon
   942 | D        | Reached XP level 9. HP: 73/73 MP: 15/21
   945 | D        | Noticed a rime drake
   948 | D        | Killed a komodo dragon
   948 | D        | Reached skill level 10 in Unarmed Combat
   949 | D        | Noticed a rime drake
   950 | D        | Killed a rime drake
   953 | D        | Killed a cane toad
  1178 | D        | Killed a rime drake
  1180 | D        | Killed a rime drake
  1214 | D        | Noticed a komodo dragon
  1214 | D        | Noticed a cane toad
  1214 | D        | Noticed a cane toad
  1218 | D        | Killed a cane toad
  1218 | D        | Reached XP level 10. HP: 82/82 MP: 17/23
  1224 | D        | Killed a cane toad
  1227 | D        | Reached skill level 10 in Spellcasting
  1236 | D        | Reached skill level 10 in Dodging
  1489 | D        | Noticed a lindwurm
  1507 | D        | Killed a lindwurm
  1507 | D        | Reached skill level 10 in Invocations
  1943 | D        | Noticed Eustachio
  1952 | D        | Killed Eustachio
  1961 | D        | Noticed Sonja
  1969 | D        | Killed Sonja
  2308 | D        | HP: 2/85 [orc priest/divine providence (8)]
  2510 | D        | Reached skill level 10 in Fighting
  2510 | D        | Reached XP level 11. HP: 19/90 MP: 19/25
  3244 | D        | Noticed an orc knight
  3244 | D        | Noticed an orc knight
  3255 | D        | Killed an orc knight
  3256 | D        | Noticed an orc knight
  3263 | D        | Killed an orc knight
  3350 | D        | Reached skill level 10 in Short Blades
  3350 | D        | Reached skill level 10 in Long Blades
  3350 | D        | Reached skill level 10 in Axes
  3350 | D        | Reached skill level 10 in Maces & Flails
  3350 | D        | Reached skill level 10 in Polearms
  3350 | D        | Reached skill level 10 in Staves
  3350 | D        | Reached skill level 10 in Slings
  3350 | D        | Reached skill level 10 in Bows
  3350 | D        | Reached skill level 10 in Crossbows
  3350 | D        | Reached skill level 10 in Throwing
  3350 | D        | Reached skill level 10 in Armour
  3350 | D        | Reached skill level 10 in Stealth
  3350 | D        | Reached skill level 10 in Shields
  3350 | D        | Reached skill level 10 in Evocations
  4349 | D        | Killed an orc knight
  4705 | D        | Noticed an orc sorcerer
  4707 | D        | Killed an orc sorcerer
  5159 | D        | Noticed an orc knight
  5164 | D        | Killed an orc knight
  6088 | D        | Found Fysyhoi's Magic Scroll Boutique.
  6088 | D        | Noticed an orc knight
  6088 | D        | Noticed an orc knight
  6206 | D        | Killed an orc knight
  6210 | D        | Killed an orc knight
  6516 | D        | Noticed an orc knight
  6524 | D        | Found Saeqes's Armour Shop.
  6538 | D        | Killed an orc knight
  6545 | D        | Found Ompanan's Jewellery Boutique.
  6549 | D        | Found Siadiok's Armour Shop.
  7088 | D        | Noticed a white ugly thing
  7088 | D        | Noticed a boulder beetle
  7088 | D        | Noticed a manticore
  7092 | D        | Noticed a manticore
  7100 | D        | Killed a manticore
  7100 | D        | Reached skill level 10 in Transmutations
  7101 | D        | Killed a boulder beetle
  7104 | D        | Noticed a stone giant
  7104 | D        | Killed an unseen horror
  7104 | D        | Reached XP level 12. HP: 40/100 MP: 1/28
  7110 | D        | Noticed an ettin
  7113 | D        | Noticed a centaur warrior
  7115 | D        | Slain by a stone giant

Illustrated notes

Levels and vault maps discovered:
D:        linesprint [early_d, line_temple, items_1, d_10, items_2, lair_1,
          lair_end, items_3, orc_1, orc_end, items_4, d_15, swamp_1, shoals_1,
          snake_1, spider_1, d_20, vaults_1, items_5, swamp_end, shoals_end,
          snake_end, spider_end, vaults_end, d_27, items_6, zot_1, zot_end,
          crypt_end, forest_end, elf_end, slime_end, tomb_end, abyss_end,
          pan_hell_end]

Skill      XL: |  1  2  3  4  5  6  7  8  9 10 11 12 |
---------------+-------------------------------------+-----
Spellcasting   | 5 6 7 8 9 10 12 | 12.1
Invocations    | 1 2 3 4 5 6 7 9 10 11 12 | 12.0
Short Blades   | 1 2 3 4 5 6 7 8 9 11 | 11.1
Long Blades    | 1 2 3 4 5 6 7 8 9 11 | 11.1
Axes           | 1 2 3 4 5 6 7 8 9 11 | 11.1
Maces & Flails | 1 2 3 4 5 6 7 8 9 11 | 11.1
Polearms       | 1 2 3 4 5 6 7 8 9 11 | 11.1
Staves         | 1 2 3 4 5 6 7 8 9 11 | 11.1
Slings         | 1 2 3 4 5 6 7 8 9 11 | 11.1
Bows           | 1 2 3 4 5 6 7 8 9 11 | 11.1
Crossbows      | 1 2 3 4 5 6 7 8 9 11 | 11.1
Throwing       | 1 2 3 4 5 6 7 8 9 11 | 11.1
Armour         | 1 2 3 4 5 6 7 8 9 11 | 11.1
Stealth        | 1 2 3 4 5 6 7 8 9 11 | 11.1
Shields        | 1 2 3 4 5 6 7 8 9 11 | 11.1
Evocations     | 1 2 3 4 5 6 7 8 9 11 | 11.1
Conjurations   | 1 2 3 4 5 6 7 8 9 |  9.5
Hexes          | 1 2 3 4 5 6 7 8 9 |  9.5
Summonings     | 1 2 3 4 5 6 7 8 9 |  9.5
Necromancy     | 1 2 3 4 5 6 7 8 9 |  9.5
Translocations | 1 2 3 4 5 6 7 8 9 |  9.5
Fire Magic     | 1 2 3 4 5 6 7 8 9 |  9.5
Ice Magic      | 1 2 3 4 5 6 7 8 9 |  9.5
Air Magic      | 1 2 3 4 5 6 7 8 9 |  9.5
Earth Magic    | 1 2 3 4 5 6 7 8 9 |  9.5
Poison Magic   | 1 2 3 4 5 6 7 8 9 |  9.5
Fighting       | 3 4 5 6 7 8 10 11 | 11.4
Transmutations | 4 5 6 7 8 9 10 | 10.2
Dodging        | 5 6 7 8 9 10 11 | 11.9
Unarmed Combat | 7 8 9 10 11 12 | 12.6

Action                   |  1- 3 |  4- 6 |  7- 9 | 10-12 || total
-------------------------+-------+-------+-------+-------++-------
Melee: Unarmed           |    26 |    19 |    47 |   149 ||   241
       Bite              |     4 |     2 |     2 |    17 ||    25
       Kick              |     1 |     1 |       |       ||     2
       Headbutt          |       |     1 |       |       ||     1
       Punch             |       |       |     2 |     7 ||     9
 Cast: Beastly Appendage |     1 |       |       |       ||     1
       Blade Hands       |       |     1 |     4 |    17 ||    22
       Wereblood         |       |     1 |     3 |     5 ||     9
       Ice Form          |       |       |     2 |       ||     2
       Lightning Bolt    |       |       |       |    36 ||    36
 Abil: End Transformatio |       |       |       |     1 ||     1
Evoke: Wand              |       |       |       |     3 ||     3
  Use: Potion            |       |     1 |       |     1 ||     2
       Scroll            |       |       |     1 |       ||     1
 Stab: Distracted        |       |       |     2 |     2 ||     4
       Sleeping          |       |       |       |     1 ||     1
Armor: Robe              |     6 |     4 |       |     7 ||    17
       Skin              |       |       |     1 |     2 ||     3
Dodge: Dodged            |    11 |     8 |    22 |   118 ||   159

Table legend: (Time is in decaauts)
 A = Elapsed time spent in this place.
 B = Non-inter-level travel time spent in this place.
 C = Inter-level travel time spent in this place.
 D = Time resting spent in this place.
 E = Time spent auto-exploring this place.
 F = Levels seen in this place.
 G = Mean time per level.
                   A        B        C        D        E       F      G
               +--------+--------+--------+--------+--------+-----+--------+
         Total |   7079 |   7079 |      0 |   3883 |   2121 |   1 | 7079.0 |
       Dungeon |   7079 |   7079 |      0 |   3883 |   2121 |   1 | 7079.0 |
               +--------+--------+--------+--------+--------+-----+--------+

Top non-repeatable levels by time:
       D: 7079 daAuts
